TOP OF THE 1ST |
Hillsboro Hops batting - Pitching for Rome Braves : RHP Chris Hawkins
|
Pitching: RHP Chris Hawkins
|
|
Batting: RHB Yutaka Oki
|
0-0: SINGLE (Groundball, 56, EV 100.6 MPH)
|
Batting: RHB Daniel Rivera
|
0-0: Called Strike Yutaka Oki steals 2nd base (no throw) 0-1: Foul Ball, location: 2F 0-2: Ball 1-2: Strikes out swinging
|
Batting: RHB Terry Jarrells
|
0-0: Ball 1-0: Fly out, F7 (Flyball, 78M, EV 89.4 MPH)
|
Batting: RHB Tim Borden
|
0-0: Foul Ball, location: 2F 0-1: Ball 1-1: Called Strike 1-2: Strikes out looking
|
Top of the 1st over - 0 runs, 1 hit, 0 errors, 1 left on base; Hillsboro 0 - Rome 0 |
BOTTOM OF THE 1ST |
Rome Braves batting - Pitching for Hillsboro Hops : RHP Nick Garland
|
Pitching: RHP Nick Garland
|
|
Batting: RHB Nate Taylor
|
0-0: Called Strike 0-1: Swinging Strike 0-2: Strikes out swinging
|
Batting: RHB Chris Trites
|
0-0: Ball 1-0: Ground out 5-3 (Groundball, 56S, EV 66.9 MPH)
|
Batting: LHB Ricardo Sandoval
|
0-0: Swinging Strike 0-1: Called Strike 0-2: Foul Ball, location: 2F 0-2: Strikes out looking
|
Bottom of the 1st over - 0 runs, 0 hits, 0 errors, 0 left on base; Hillsboro 0 - Rome 0 |
TOP OF THE 2ND |
Hillsboro Hops batting - Pitching for Rome Braves : RHP Chris Hawkins
|
Batting: LHB Franklin Quezada
|
0-0: Ball 1-0: Ball 2-0: SINGLE (Groundball, 4MD, EV 88.8 MPH) (infield hit)
|
Batting: RHB Cesar Rendon
|
0-0: Ball Franklin Quezada steals 2nd, throwing error, E2 Franklin Quezada to third 1-0: Ball 2-0: Ball 3-0: Called Strike 3-1: Foul Ball, location: 2F 3-2: SINGLE (Line Drive, 89M, EV 90.0 MPH) Franklin Quezada scores
|
Batting: RHB Danny Loyola
|
0-0: Ball 1-0: Foul Ball, location: 2F 1-1: Ball 2-1: SINGLE (Line Drive, 4M, EV 97.5 MPH) Cesar Rendon to second
|
Batting: RHB John Ricketts
|
0-0: Swinging Strike 0-1: Ball 1-1: SINGLE (Groundball, P, EV 89.4 MPH) (infield hit) Cesar Rendon to third Danny Loyola to second
|
Batting: RHB Ryuki Ogasawara
|
0-0: Fielders Choice at 2nd, 6-4 (Groundball, 6, EV 88.1 MPH) Cesar Rendon scores Danny Loyola to third
|
Batting: RHB Yutaka Oki
|
0-0: Ball 1-0: Called Strike 1-1: Swinging Strike 1-2: Strikes out swinging
|
Batting: RHB Daniel Rivera
|
0-0: Ball Ryuki Ogasawara steals 2nd base (no throw) 1-0: SINGLE (Groundball, 56, EV 95.0 MPH) Danny Loyola scores Ryuki Ogasawara to third Runner from 3rd tries for Home, throw by LF and OUT! 7-2
|
Top of the 2nd over - 3 runs, 5 hits, 1 error, 1 left on base; Hillsboro 3 - Rome 0 |
BOTTOM OF THE 2ND |
Rome Braves batting - Pitching for Hillsboro Hops : RHP Nick Garland
|
Batting: LHB Tamaichi Sasada
|
0-0: Ground out 6-3 (Groundball, P, EV 85.0 MPH)
|
Batting: RHB Justin Reich
|
0-0: SINGLE (Flyball, 3D, EV 101.9 MPH)
|
Batting: SHB Karl Starnes
|
0-0: Foul Ball, location: 2F 0-1: Ball 1-1: Ball 2-1: Grounds into double play, 4-6-3 (Groundball, 4, EV 102.5 MPH)
|
Bottom of the 2nd over - 0 runs, 1 hit, 0 errors, 0 left on base; Hillsboro 3 - Rome 0 |
TOP OF THE 3RD |
Hillsboro Hops batting - Pitching for Rome Braves : RHP Chris Hawkins
|
Batting: RHB Terry Jarrells
|
0-0: Foul Ball, location: 2F 0-1: Fly out, F9 (Flyball, 89XD, EV 95.0 MPH)
|
Batting: RHB Tim Borden
|
0-0: Called Strike 0-1: Ball 1-1: Foul Ball, location: 2F 1-2: Ball 2-2: Ball 3-2: SOLO HOME RUN (Flyball, 7D, EV 98.8 MPH), Distance : 397 ft
|
Batting: LHB Franklin Quezada
|
0-0: Foul Ball, location: 2F 0-1: Foul Ball, location: 2F 0-2: Ball 1-2: Foul Ball, location: 2F 1-2: Strikes out swinging
|
Batting: RHB Cesar Rendon
|
0-0: Called Strike 0-1: Ball 1-1: Foul Ball, location: 2F 1-2: Foul Ball, location: 2F 1-2: Ball 2-2: Strikes out swinging
|
Top of the 3rd over - 1 run, 1 hit, 0 errors, 0 left on base; Hillsboro 4 - Rome 0 |
BOTTOM OF THE 3RD |
Rome Braves batting - Pitching for Hillsboro Hops : RHP Nick Garland
|
Batting: RHB Tim Molchan
|
0-0: Called Strike 0-1: Foul Ball, location: 2F 0-2: Foul Ball, location: 2F 0-2: Foul Ball, location: 2F 0-2: Foul Ball, location: 2F 0-2: Ball 1-2: Foul Ball, location: 2F 1-2: Foul Ball, location: 2F 1-2: Ball 2-2: Ground out 6-3 (Groundball, 6, EV 89.4 MPH)
|
Batting: RHB Costantino Dolfini
|
0-0: Swinging Strike 0-1: Called Strike 0-2: Ball 1-2: Strikes out looking
|
Batting: RHB Rafael Reyes
|
0-0: Ball 1-0: Ground out 5-3 (Groundball, 56S, EV 92.5 MPH)
|
Bottom of the 3rd over - 0 runs, 0 hits, 0 errors, 0 left on base; Hillsboro 4 - Rome 0 |
TOP OF THE 4TH |
Hillsboro Hops batting - Pitching for Rome Braves : RHP Chris Hawkins
|
Batting: RHB Danny Loyola
|
0-0: Foul Ball, location: 2F 0-1: Called Strike 0-2: Ball 1-2: SINGLE (Groundball, 4MD, EV 98.8 MPH)
|
Batting: RHB John Ricketts
|
0-0: Ball Danny Loyola steals 2nd base 1-0: TRIPLE (Line Drive, 8LXD, EV 106.2 MPH) Danny Loyola scores
|
Pitching: LHP Gonnohyoe Hata
|
|
Batting: RHB Ryuki Ogasawara
|
0-0: Swinging Strike 0-1: Ball 1-1: Ball 2-1: Ball 3-1: Base on Balls
|
Batting: RHB Yutaka Oki
|
0-0: Ball 1-0: Ball 2-0: Called Strike 2-1: Called Strike 2-2: Ball 3-2: Strikes out swinging
|
Batting: RHB Daniel Rivera
|
0-0: Ball Ryuki Ogasawara steals 2nd, throwing error, E2 John Ricketts scores Ryuki Ogasawara to third 1-0: Ball 2-0: Called Strike 2-1: Called Strike 2-2: Ball Wild Pitch! Ryuki Ogasawara scores 3-2: Strikes out swinging
|
Batting: RHB Terry Jarrells
|
0-0: Ground out 6-3 (Groundball, 6, EV 110.6 MPH)
|
Top of the 4th over - 3 runs, 2 hits, 1 error, 0 left on base; Hillsboro 7 - Rome 0 |
BOTTOM OF THE 4TH |
Rome Braves batting - Pitching for Hillsboro Hops : RHP Nick Garland
|
Batting: RHB Nate Taylor
|
0-0: Ball 1-0: Ball 2-0: Called Strike 2-1: SINGLE (Groundball, 56D, EV 105.0 MPH)
|
Batting: RHB Chris Trites
|
0-0: Called Strike Nate Taylor steals 2nd base 0-1: Ball 1-1: Foul Ball, location: 2F 1-2: Ball 2-2: SINGLE (Line Drive, 6MD, EV 97.5 MPH) Nate Taylor to third Runner from 3rd tries for Home, SAFE, throw by CF to home
|
Batting: LHB Ricardo Sandoval
|
0-0: Ball Chris Trites steals 2nd base 1-0: Called Strike 1-1: DOUBLE (Flyball, 8LXD, EV 108.8 MPH) Chris Trites scores
|
Batting: LHB Tamaichi Sasada
|
0-0: Ball 1-0: Foul Ball, location: 2F 1-1: SINGLE (Groundball, 6MD, EV 105.6 MPH) Ricardo Sandoval to third
|
Batting: RHB Justin Reich
|
0-0: Swinging Strike 0-1: Fielders Choice at 2nd, 6-4 (Groundball, 6S, EV 86.2 MPH) Ricardo Sandoval scores
|
Batting: SHB Karl Starnes
|
0-0: Called Strike Justin Reich steals 2nd base 0-1: Ball 1-1: Ball 2-1: Ball 3-1: Foul Ball, location: 2F 3-2: Base on Balls
|
Batting: RHB Tim Molchan
|
0-0: Ball 1-0: Swinging Strike 1-1: Reached on error, E3 (Groundball, 34S, EV 71.9 MPH) Justin Reich to third Karl Starnes to second
|
Batting: RHB Costantino Dolfini
|
0-0: Called Strike 0-1: Fielders Choice at 2nd, 3-6 (Groundball, 34, EV 80.0 MPH) Justin Reich scores Karl Starnes to third
|
Batting: RHB Rafael Reyes
|
0-0: Fielders Choice at 2nd, 6-4 (Groundball, 6, EV 80.6 MPH)
|
Bottom of the 4th over - 4 runs, 4 hits, 1 error, 2 left on base; Hillsboro 7 - Rome 4 |
TOP OF THE 5TH |
Hillsboro Hops batting - Pitching for Rome Braves : LHP Gonnohyoe Hata
|
Batting: RHB Tim Borden
|
0-0: Ball 1-0: Called Strike 1-1: Swinging Strike 1-2: Ball 2-2: Foul Ball, location: 2F 2-2: Fly out, F9 (Flyball, 9D, EV 86.2 MPH)
|
Batting: LHB Franklin Quezada
|
0-0: Ball 1-0: Ball 2-0: Ball 3-0: Base on Balls
|
Batting: RHB Cesar Rendon
|
0-0: Called Strike Franklin Quezada is caught stealing 2nd base 2-4 0-1: Foul Ball, location: 2F 0-2: Strikes out looking
|
Top of the 5th over - 0 runs, 0 hits, 0 errors, 0 left on base; Hillsboro 7 - Rome 4 |
BOTTOM OF THE 5TH |
Rome Braves batting - Pitching for Hillsboro Hops : RHP Nick Garland
|
Batting: RHB Nate Taylor
|
0-0: Ground out 6-3 (Groundball, 56, EV 88.8 MPH)
|
Batting: RHB Chris Trites
|
0-0: Bunted foul 0-1: Foul Ball, location: 2F 0-2: Ground out U3 (Groundball, 34, EV 83.1 MPH)
|
Batting: LHB Ricardo Sandoval
|
0-0: Ball 1-0: Called Strike 1-1: Fly out, F9 (Flyball, 9, EV 91.9 MPH)
|
Bottom of the 5th over - 0 runs, 0 hits, 0 errors, 0 left on base; Hillsboro 7 - Rome 4 |
TOP OF THE 6TH |
Hillsboro Hops batting - Pitching for Rome Braves : LHP Gonnohyoe Hata
|
Batting: RHB Danny Loyola
|
0-0: Called Strike 0-1: Ball 1-1: Foul Ball, location: 2F 1-2: Ball 2-2: Ground out U3 (Groundball, 3, EV 90.0 MPH)
|
Batting: RHB John Ricketts
|
0-0: Called Strike 0-1: Foul Ball, location: 2F 0-2: Foul Ball, location: 2F 0-2: Ball 1-2: Foul Ball, location: 2F 1-2: Strikes out looking
|
Batting: RHB Ryuki Ogasawara
|
0-0: Ball 1-0: Swinging Strike 1-1: Swinging Strike 1-2: Foul Ball, location: 2F 1-2: Strikes out swinging
|
Top of the 6th over - 0 runs, 0 hits, 0 errors, 0 left on base; Hillsboro 7 - Rome 4 |
BOTTOM OF THE 6TH |
Rome Braves batting - Pitching for Hillsboro Hops : RHP Nick Garland
|
Batting: LHB Tamaichi Sasada
|
0-0: Called Strike 0-1: Ball 1-1: Ball 2-1: Ball 3-1: Base on Balls
|
Batting: RHB Justin Reich
|
0-0: Called Strike 0-1: Ball 1-1: Foul Ball, location: 2F 1-2: Grounds into double play, 4-6-3 (Groundball, 4, EV 100.6 MPH)
|
Batting: SHB Karl Starnes
|
0-0: Ball 1-0: Ball 2-0: Ground out 4-3 (Groundball, 4, EV 86.9 MPH)
|
Bottom of the 6th over - 0 runs, 0 hits, 0 errors, 0 left on base; Hillsboro 7 - Rome 4 |
TOP OF THE 7TH |
Hillsboro Hops batting - Pitching for Rome Braves : LHP Gonnohyoe Hata
|
Batting: RHB Yutaka Oki
|
0-0: Ground out 5-3 (Groundball, 5S, EV 89.4 MPH)
|
Batting: RHB Daniel Rivera
|
0-0: Foul Ball, location: 2F 0-1: Called Strike 0-2: Strikes out swinging
|
Batting: RHB Terry Jarrells
|
0-0: Swinging Strike 0-1: Called Strike 0-2: Strikes out swinging
|
Top of the 7th over - 0 runs, 0 hits, 0 errors, 0 left on base; Hillsboro 7 - Rome 4 |
BOTTOM OF THE 7TH |
Rome Braves batting - Pitching for Hillsboro Hops : RHP Nick Garland
|
Batting: RHB Tim Molchan
|
0-0: Ball 1-0: Called Strike 1-1: Called Strike 1-2: Strikes out swinging
|
Batting: RHB Costantino Dolfini
|
0-0: Ball 1-0: Ball 2-0: Called Strike 2-1: Swinging Strike 2-2: Fly out, F8 (Flyball, 89D, EV 104.4 MPH)
|
Batting: RHB Rafael Reyes
|
0-0: Called Strike 0-1: Ball 1-1: Called Strike 1-2: Ball 2-2: Foul Ball, location: 2F 2-2: Foul Ball, location: 2F 2-2: Foul Ball, location: 2F 2-2: Ground out 4-3 (Groundball, 4, EV 85.0 MPH)
|
Bottom of the 7th over - 0 runs, 0 hits, 0 errors, 0 left on base; Hillsboro 7 - Rome 4 |
TOP OF THE 8TH |
Hillsboro Hops batting - Pitching for Rome Braves : LHP Gonnohyoe Hata
|
Batting: RHB Tim Borden
|
0-0: Called Strike 0-1: Swinging Strike 0-2: Ball 1-2: Foul Ball, location: 2F 1-2: Foul Ball, location: 2F 1-2: Strikes out swinging
|
Batting: LHB Franklin Quezada
|
0-0: Ball 1-0: Ball 2-0: Called Strike 2-1: Fly out, F8 (Line Drive, 8LD, EV 90.6 MPH)
|
Batting: RHB Cesar Rendon
|
0-0: Ball 1-0: Called Strike 1-1: SINGLE (Line Drive, 6MD, EV 105.6 MPH)
|
Pitching: RHP Armando Padron
|
|
Batting: RHB Danny Loyola
|
0-0: Swinging Strike 0-1: Ball 1-1: Ball 2-1: SINGLE (Line Drive, 56, EV 95.0 MPH) Cesar Rendon to second
|
Batting: RHB John Ricketts
|
0-0: Ball 1-0: Called Strike 1-1: Ground out U3 (Groundball, 34S, EV 80.6 MPH)
|
Top of the 8th over - 0 runs, 2 hits, 0 errors, 2 left on base; Hillsboro 7 - Rome 4 |
BOTTOM OF THE 8TH |
Rome Braves batting - Pitching for Hillsboro Hops : RHP Nick Garland
|
Pitching: RHP John Meyer
|
|
Batting: RHB Nate Taylor
|
0-0: Fly out, F8 (Flyball, 8LD, EV 97.5 MPH)
|
Batting: RHB Chris Trites
|
0-0: Called Strike 0-1: Ball 1-1: Foul Ball, location: 2F 1-2: Strikes out swinging
|
Batting: LHB Ricardo Sandoval
|
0-0: Ball 1-0: Foul Ball, location: 2F 1-1: TRIPLE (Flyball, 89XD, EV 105.0 MPH)
|
Batting: LHB Tamaichi Sasada
|
0-0: Ball 1-0: Ground out 6-3 (Groundball, 56, EV 80.6 MPH)
|
Bottom of the 8th over - 0 runs, 1 hit, 0 errors, 1 left on base; Hillsboro 7 - Rome 4 |
TOP OF THE 9TH |
Hillsboro Hops batting - Pitching for Rome Braves : RHP Armando Padron
|
Batting: RHB Ryuki Ogasawara
|
0-0: Ball 1-0: Called Strike 1-1: Foul Ball, location: 2F 1-2: Ball 2-2: Ground out 6-3 (Groundball, 6S, EV 83.1 MPH)
|
Batting: RHB Yutaka Oki
|
0-0: Ball 1-0: Ball 2-0: Fly out, F8 (Line Drive, 78M, EV 85.0 MPH)
|
Batting: RHB Daniel Rivera
|
0-0: Called Strike 0-1: Ball 1-1: Called Strike 1-2: Ball 2-2: Foul Ball, location: 2F 2-2: Ground out 5-3 (Groundball, 56, EV 80.0 MPH)
|
Top of the 9th over - 0 runs, 0 hits, 0 errors, 0 left on base; Hillsboro 7 - Rome 4 |
BOTTOM OF THE 9TH |
Rome Braves batting - Pitching for Hillsboro Hops : RHP John Meyer
|
Pitching: RHP Moises Baez
|
|
Batting: RHB Justin Reich
|
0-0: Ball 1-0: Ball 2-0: Called Strike 2-1: Foul Ball, location: 2F 2-2: Foul Ball, location: 2F 2-2: Ball 3-2: Foul Ball, location: 2F 3-2: Base on Balls
|
Batting: SHB Karl Starnes
|
0-0: Called Strike 0-1: Ball 1-1: Swinging Strike 1-2: Foul Ball, location: 2F 1-2: Ball 2-2: Foul Ball, location: 2F 2-2: Foul Ball, location: 2F 2-2: Strikes out swinging
|
Pinch Hitting: LHB Cesar Arteaga
|
0-0: Ball 1-0: Swinging Strike 1-1: Ball 2-1: Ball 3-1: Foul Ball, location: 2F 3-2: Ground out 4-3 (Groundball, 34, EV 101.2 MPH) Justin Reich to second
|
Pitching: LHP Matt Bagnall
|
|
Batting: RHB Costantino Dolfini
|
0-0: Called Strike 0-1: Ball 1-1: Swinging Strike 1-2: Ball 2-2: Ground out U3 (Groundball, 34, EV 81.9 MPH)
|
Bottom of the 9th over - 0 runs, 0 hits, 0 errors, 1 left on base; Hillsboro 7 - Rome 4 |
|